Map: Heavy Artillery LE

Players

Massa

  • Race: Terran Terran
  • League: Platinum
  • Spawn Location: 3:00

qqq

  • Race: Zerg Zerg
  • League: Platinum
  • Spawn Location: 1:00

Sergeevich - Winner!

  • Race: Terran Terran
  • League: Platinum
  • Spawn Location: 7:00

fazzel - Winner!

  • Race: Terran Terran
  • League: Platinum
  • Spawn Location: 7:00

VOD

Have the link to the VOD?

Description

Time

  • Played on: Nov. 24, 2020, 3:09 p.m.
  • Length: 19:11
Show
View Real Time Build Order
Export as new Build Order

Massa Terran 

Build Orders:  

Get SALT Encoding   

  12  0:00  SCV  
  13  0:12  SCV  
  14  0:25  SCV, Supply Depot  
  14  0:28  Refinery  
  15  0:47  SCV  
  15  0:48  Barracks  
  16  0:59  SCV  
  17  1:11  SCV  
  18  1:25  SCV  
  19  1:37  SCV  
  20  1:40  Command Center  
  20  1:45  Reaper  
  21  1:50  Bunker  
  21  1:55  SCV  
  22  2:17  Marine  
  23  2:24  Supply Depot  
  23  2:26  Orbital Command  
  22  2:38  Factory  
  22  2:39  Barracks Reactor  
  22  2:52  Barracks  
  22  2:54  Barracks  
  22  2:55  SCV  
  23  3:12  SCV  
  25  3:14  Orbital Command  
  24  3:23  Starport  
  24  3:24  SCV  
  24  3:26  Marine x2  
  27  3:29  Factory Tech Lab  
  27  3:36  SCV  
  28  3:52  Marine  
  28  3:53  Marine  
  28  3:54  Siege Tank  
  33  3:56  Barracks Tech Lab  
  33  3:58  SCV x2  
  35  4:10  SCV  
  35  4:12  Refinery  
  35  4:13  Refinery  
  35  4:15  Refinery, Barracks Tech Lab  
  36  4:17  Marine  
  36  4:18  Marauder, Marine  
  40  4:35  Marine x2  
  41  4:47  Siege Tank  
  41  4:49  Marine x2  
  46  4:59  Marine  
  46  5:04  Marine  
  46  5:07  Marine x2  
  42  5:12  Medivac  
  41  5:29  SCV x2  
  41  5:33  Engineering Bay  
  43  5:41  SCV x2  
  45  5:44  Marine  
  46  6:02  Marine  
  46  6:07  Marine  
  45  6:18  SCV  
  45  6:24  Supply Depot  
  46  6:32  Missile Turret  
  46  6:45  SCV x2  
  46  6:46  Marauder x2  
  52  6:53  Missile Turret  
  52  6:57  SCV x2  
  54  7:06  Supply Depot  
  54  7:09  Supply Depot  
  54  7:11  Supply Depot  
  54  7:13  Supply Depot  
  54  7:15  Supply Depot  
  54  7:27  Liberator, Marine  
  54  7:28  SCV x2, Marauder  
  62  7:31  Marauder  
  64  7:42  Sensor Tower  
  64  7:46  Sensor Tower  
  64  7:49  Marauder  
  66  7:56  SCV x2  
  68  8:06  Marauder, Marine  
  68  8:07  Marine  
  68  8:08  SCV x2  
  68  8:11  Marauder  
  76  8:20  SCV  
  76  8:24  Marine  
  78  8:53  Missile Turret  
  78  8:55  Cyclone  
  81  8:56  Missile Turret  
  81  8:58  Missile Turret  
  81  9:02  Missile Turret  
  81  9:03  Marine x2  
  81  9:04  Marine x2  
  81  9:08  Mag-Field Accelerator  
  84  9:16  Missile Turret  
  83  9:21  Marine  
  77  9:27  Cyclone  
  72  9:59  Marine x2  
  74  10:00  Cyclone  
  74  10:07  Command Center  
  74  10:14  Starport Reactor, Command Center  
  74  10:22  Armory  
  74  10:23  Factory  
  72  10:55  Viking x2  
  76  11:06  Marine x2  
  76  11:07  Marine x2  
  80  11:25  Viking x2  
  81  11:34  Factory Tech Lab  
  81  11:36  Thor  
  81  11:39  Factory Tech Lab  
  84  11:48  SCV  
  84  11:49  SCV  
  86  11:55  Viking x2  
  86  12:00  SCV  
  86  12:01  SCV  
  92  12:13  SCV  
  93  12:16  SCV  
  93  12:21  Orbital Command  
  94  12:25  SCV, Viking x2  
  94  12:28  SCV  
  100  12:37  SCV  
  101  12:53  Marauder, Marine x2  
  101  12:54  Marine  
  101  12:55  Viking x2  
  101  12:57  Combat Shield  
  101  12:58  Stimpack  
  110  13:11  Marine x2  
  110  13:12  Marauder  
  114  13:15  Marauder  
  116  13:20  Thor  
  116  13:24  Orbital Command  
  116  13:25  SCV  
  116  13:26  SCV  
  124  13:36  Supply Depot  
  124  13:37  Supply Depot  
  124  13:38  Supply Depot  
  124  13:40  Supply Depot  
  124  13:43  Supply Depot  
  124  13:44  Refinery  
  124  13:47  Refinery  
  124  13:58  SCV x3  
  124  14:01  Starport  
  127  14:03  Starport  
  127  14:10  SCV  
  127  14:16  Concussive Shells  
  128  14:17  Refinery  
  128  14:23  Refinery  
  128  14:36  Terran Vehicle And Ship Armor Level 1  
  128  14:40  Armory  
  128  14:43  Terran Infantry Weapons Level 1  
  128  14:44  Starport Tech Lab x2  
  128  14:47  SCV x4  
  132  14:59  SCV x4  
  100  15:38  Marauder x2, Marine x2  
  106  15:48  Thor x2  
  118  15:56  Marine x2  
  120  15:59  Marauder x2  
  116  16:12  Viking x3  
  116  16:13  Viking  
  116  16:14  Marine x2  
  114  16:20  Marauder  
  114  16:21  Marauder  
  114  16:24  Corvid Reactor  
  104  16:30  Thor  
  104  16:32  Marine x2  
  98  16:37  Thor  
  98  16:42  Raven x2, Marauder x2, Viking  
  106  16:49  Marine x2  
  108  17:03  Marine  
  109  17:13  Thor  
  115  17:16  Viking x2  
  115  17:22  Thor  
  125  17:25  Raven, Viking  
  129  17:31  Marine x2  
  131  17:46  Viking x2  
  130  18:18  Thor x2  
  142  18:23  Marine x2  
  142  18:24  Marine x2  
  142  18:25  Viking  
  148  18:30  Viking x2  
  148  18:34  Viking  
Show
View Real Time Build Order
Export as new Build Order

qqq Zerg 

Build Orders: Hatch First, Lurkers 

Get SALT Encoding   

  12  0:01  Drone  
  13  0:09  Drone  
  14  0:28  Overlord  
  14  0:43  Hatchery  
  14  0:49  Drone  
  14  0:51  Drone  
  14  0:56  Drone  
  16  1:13  Spawning Pool  
  15  1:31  Drone x3  
  18  1:33  Extractor  
  17  1:46  Drone  
  18  1:55  Drone  
  18  1:57  Drone  
  20  2:09  Queen  
  20  2:11  Queen  
  20  2:12  Drone  
  20  2:13  Drone  
  26  2:18  Zergling x2  
  26  2:19  Drone  
  28  2:28  Overlord  
  28  2:42  Overlord  
  28  2:48  Lair  
  28  2:50  Drone x3  
  31  2:54  Drone  
  32  3:02  Drone  
  33  3:12  Spore Crawler  
  32  3:19  Drone  
  33  3:21  Drone x3  
  33  3:24  Extractor  
  33  3:27  Hatchery  
  34  3:32  Spore Crawler  
  33  3:38  Spore Crawler  
  32  3:44  Drone x2  
  32  3:46  Spore Crawler  
  33  3:56  Drone x2  
  33  3:57  Drone, Hydralisk Den, Infestation Pit  
  33  3:58  Drone  
  35  4:03  Drone  
  35  4:04  Drone  
  35  4:07  Drone  
  35  4:09  Drone  
  39  4:13  Drone  
  39  4:14  Drone  
  41  4:22  Overseer  
  41  4:24  Drone  
  42  4:32  Lurker Den  
  42  4:34  Evolution Chamber  
  42  4:35  Drone x2  
  42  4:36  Drone x2, Evolution Chamber  
  42  4:40  Overlord  
  42  4:43  Drone  
  42  4:45  Drone  
  44  4:55  Hive  
  44  5:02  Zergling x10  
  44  5:05  Hydralisk  
  51  5:13  Drone  
  51  5:14  Drone x4  
  54  5:16  Hydralisk  
  57  5:32  Drone  
  57  5:33  Overlord  
  58  5:35  Muscular Augments  
  58  5:42  Extractor  
  57  5:44  Extractor  
  57  5:45  Spore Crawler  
  55  5:51  Drone x3  
  55  5:52  Hydralisk x2  
  62  6:00  Drone x3  
  65  6:17  Seismic Spines  
  65  6:19  Drone  
  65  6:24  Overlord x3  
  66  6:42  Queen  
  66  6:43  Drone x4  
  66  6:46  Hatchery  
  71  6:47  Lurker  
  71  6:48  Lurker  
  71  6:50  Lurker  
  71  6:52  Drone x3  
  77  7:07  Hatchery, Drone x3  
  77  7:08  Drone x2, Hatchery, Spore Crawler  
  80  7:09  Hatchery, Hydralisk  
  80  7:10  Hydralisk  
  80  7:11  Spore Crawler  
  81  7:23  Pneumatized Carapace  
  81  7:30  Spore Crawler  
  80  7:39  Lurker x3  
  80  7:40  Drone x5  
  80  7:41  Drone  
  80  7:43  Extractor  
  88  7:44  Extractor  
  87  8:06  Drone x2  
  87  8:07  Drone  
  87  8:11  Hydralisk  
  87  8:12  Hydralisk x2  
  96  8:14  Grooved Spines  
  96  8:15  Extractor, Zerg Melee Weapons Level 1  
  96  8:16  Overlord x4  
  96  8:17  Overlord x7  
  96  8:18  Extractor  
  94  8:20  Overseer x2  
  94  8:24  Spore Crawler  
  93  8:33  Spire  
  92  8:42  Drone x5  
  92  8:43  Drone x8  
  92  8:45  Hydralisk  
  107  8:59  Hydralisk x2  
  107  9:00  Hydralisk  
  107  9:01  Hydralisk, Spire  
  115  9:02  Drone  
  115  9:03  Drone  
  115  9:04  Drone  
  117  9:10  Spore Crawler  
  117  9:13  Spore Crawler  
  115  9:29  Hydralisk x6  
  115  9:30  Hydralisk x3  
  133  9:31  Drone x3  
  133  9:32  Drone x3  
  133  9:34  Spore Crawler  
  138  9:38  Spore Crawler  
  138  9:39  Drone x2  
  138  9:43  Drone x4  
  138  9:44  Drone  
  142  10:00  Corruptor x5  
  151  10:12  Corruptor  
  151  10:13  Viper  
  156  10:15  Drone x2  
  156  10:16  Drone x7  
  165  10:21  Spore Crawler  
  165  10:22  Spore Crawler  
  165  10:26  Spine Crawler  
  165  10:27  Spine Crawler  
  161  10:28  Drone  
  161  10:29  Extractor, Queen  
  161  10:30  Extractor  
  162  10:47  Spore Crawler  
  162  10:48  Corruptor x2  
  162  10:49  Corruptor x4  
  173  10:50  Drone  
  173  10:51  Drone x3  
  177  11:01  Hatchery  
  176  11:05  Corruptor x2  
  176  11:06  Drone x2  
  181  11:14  Drone x2  
  181  11:15  Spore Crawler  
  181  11:16  Spore Crawler  
  181  11:34  Corruptor x4  
  181  11:39  Greater Spire  
  189  11:40  Zerg Flyer Weapons Level 1  
  185  12:00  Lurker x2  
  187  12:08  Hatchery  
  186  12:10  Drone x3  
  186  12:11  Drone  
  186  12:13  Overlord x5  
  190  12:19  Hatchery  
  189  12:27  Spore Crawler  
  189  12:28  Hatchery  
  187  12:31  Spore Crawler  
  187  12:32  Spore Crawler  
  187  12:34  Spore Crawler  
  184  12:45  Mutalisk x2  
  188  12:54  Drone, Ultralisk Cavern  
  188  12:55  Drone x5  
  188  13:28  Drone x7  
  195  13:34  Zerg Flyer Armor Level 1  
  195  13:45  Zerg Melee Weapons Level 2  
  195  13:46  Zerg Ground Armor Level 1  
  159  14:28  Hydralisk x2  
  159  14:29  Hydralisk x3  
  159  14:30  Corruptor x4  
  174  14:31  Drone x2  
  174  14:32  Drone x7  
  174  14:33  Drone x3  
  174  14:37  Lurker x7  
  174  14:38  Lurker x2  
  192  14:42  Overseer x3  
  192  14:49  Extractor  
  191  14:59  Drone x5  
  196  15:00  Drone x3  
  196  15:01  Extractor  
  196  15:02  Extractor  
  196  15:06  Corruptor x2  
  196  15:07  Corruptor x4  
  188  15:09  Viper  
  197  15:28  Zerg Flyer Weapons Level 2  
  192  15:40  Zerg Missile Weapons Level 1  
  133  16:07  Corruptor x6  
  133  16:08  Corruptor x6  
  133  16:10  Corruptor x2  
  133  16:11  Corruptor  
  151  16:15  Hatchery x2  
  145  16:20  Corruptor x4  
  143  16:31  Viper x4  
  147  16:39  Anabolic Synthesis  
  147  16:51  Corruptor x3  
  149  17:00  Drone  
  150  17:02  Drone  
  143  17:24  Corruptor  
  143  17:25  Corruptor x6  
  143  17:27  Drone  
  158  17:35  Overseer  
  158  17:40  Brood Lord  
  160  17:44  Corruptor  
  160  17:50  Zergling x2  
  160  17:51  Zergling x16  
  167  17:52  Zergling x2  
  172  18:00  Overseer  
  132  18:45  Zergling x2  
  132  18:46  Zergling x18  
  132  18:47  Drone x3  
Show
View Real Time Build Order
Export as new Build Order

Sergeevich Terran - Winner!

Build Orders:  

Get SALT Encoding   

  12  0:00  SCV  
  13  0:12  SCV  
  14  0:24  SCV  
  15  0:28  Supply Depot  
  15  0:50  Refinery, SCV  
  15  0:53  Refinery  
  15  0:56  Barracks  
  16  1:02  SCV  
  17  1:20  SCV  
  18  1:33  SCV  
  19  1:44  Supply Depot  
  19  1:45  Reaper  
  20  1:51  Factory  
  20  1:57  Orbital Command  
  20  2:24  Barracks Reactor  
  20  2:25  Supply Depot  
  20  2:27  SCV  
  21  2:45  SCV  
  21  2:49  Starport  
  22  3:09  Command Center  
  22  3:12  Hellion  
  24  3:14  Hellion  
  26  3:30  SCV  
  26  3:31  Medivac  
  26  3:33  Hellion  
  31  3:40  Hellion  
  33  3:57  Engineering Bay  
  33  4:10  SCV  
  33  4:13  Barracks Tech Lab  
  34  4:21  Refinery  
  34  4:22  Orbital Command  
  34  4:26  Refinery, SCV  
  35  4:42  SCV  
  36  4:48  Starport Tech Lab  
  36  4:50  SCV  
  37  4:54  SCV  
  38  5:02  SCV  
  39  5:17  Banshee  
  39  5:18  Cloaking Field  
  42  5:25  Starport  
  42  5:30  SCV x2  
  44  5:42  SCV  
  45  5:45  Widow Mine x2  
  45  5:46  Missile Turret  
  45  5:47  Missile Turret  
  49  5:52  SCV  
  49  5:54  SCV  
  41  6:20  SCV  
  41  6:21  SCV  
  43  6:31  Missile Turret  
  43  6:32  Banshee x2  
  46  6:33  SCV x2  
  46  6:34  Missile Turret  
  46  6:39  Hyperflight Rotors  
  51  6:43  Missile Turret  
  51  6:45  SCV x2  
  53  6:54  Supply Depot  
  53  6:55  Supply Depot  
  53  6:57  SCV  
  54  7:15  Banshee, SCV x2  
  54  7:16  Widow Mine, Supply Depot  
  54  7:17  Widow Mine, Banshee  
  54  7:18  Supply Depot x2  
  54  7:21  Supply Depot  
  66  7:27  Fusion Core  
  66  7:28  SCV x2  
  68  7:37  Widow Mine  
  68  7:39  Widow Mine  
  68  7:40  SCV x2  
  74  7:52  SCV, Command Center  
  74  7:57  SCV  
  76  7:58  Widow Mine  
  76  8:04  SCV, Factory  
  79  8:05  Armory  
  79  8:10  SCV  
  80  8:16  SCV  
  81  8:22  SCV  
  82  8:35  Widow Mine  
  82  8:36  Widow Mine  
  82  8:39  Battlecruiser x2  
  98  8:54  Factory Tech Lab  
  98  8:57  Widow Mine x2  
  102  9:04  SCV x2  
  102  9:05  Refinery  
  98  9:28  Drilling Claws  
  98  9:31  Weapon Refit  
  98  9:35  Terran Ship Weapons Level 1  
  98  9:38  SCV x2  
  100  9:43  Battlecruiser x2  
  112  9:46  Widow Mine x2  
  116  9:55  Siege Tank  
  113  10:08  Refinery  
  113  10:09  Widow Mine x2  
  113  10:11  Orbital Command  
  117  10:30  Supply Depot  
  117  10:32  Supply Depot x2  
  117  10:38  Neosteel Armor  
  117  10:42  Factory  
  117  10:52  SCV x2, Battlecruiser  
  117  10:53  Siege Tank  
  117  10:54  Widow Mine x2  
  132  11:04  SCV x2, Missile Turret x3  
  134  11:12  Battlecruiser  
  134  11:16  SCV  
  141  11:43  Command Center  
  141  11:44  Command Center  
  141  12:03  Factory Reactor  
  141  12:09  Supply Depot  
  141  12:11  Supply Depot x2  
  141  12:12  Factory Reactor  
  141  12:13  Terran Vehicle And Ship Armor Level 1  
  141  12:21  Starport  
  141  12:29  Hi-Sec Auto Tracking  
  141  12:31  Widow Mine x2, SCV x3  
  148  12:38  Missile Turret  
  148  12:43  Widow Mine x2, SCV x3  
  155  12:45  Missile Turret  
  155  12:49  Battlecruiser  
  161  12:51  Command Center  
  161  12:52  Widow Mine x2  
  161  12:55  Battlecruiser  
  171  13:03  Supply Depot  
  171  13:05  Widow Mine, Supply Depot  
  173  13:06  Supply Depot  
  173  13:14  Widow Mine  
  173  13:16  Widow Mine x2  
  173  13:17  Widow Mine x2  
  183  13:22  Refinery  
  183  13:26  Widow Mine, Battlecruiser  
  191  13:27  Refinery  
  191  13:35  Widow Mine  
  191  13:38  Widow Mine x4  
  198  13:47  Widow Mine  
  199  14:01  Widow Mine x5  
  194  14:03  Planetary Fortress  
  188  14:12  Widow Mine  
  174  14:33  Terran Vehicle And Ship Armor Level 2, Battlecruiser x2  
  174  14:38  SCV x4  
  185  14:50  SCV x2  
  187  15:14  Battlecruiser  
  187  15:16  Widow Mine x3  
  180  15:37  Battlecruiser x2  
  185  16:04  Widow Mine x5  
  179  16:14  Widow Mine  
  179  16:18  Battlecruiser  
  179  16:25  Widow Mine x3  
  191  16:27  Widow Mine x2  
  195  16:35  Widow Mine  
  197  16:46  Widow Mine  
  199  17:28  Armory  
  199  17:39  Planetary Fortress  
  199  17:41  SCV  
  190  18:31  Missile Turret  
  190  18:32  Missile Turret  
  169  18:34  Command Center  
  145  18:59  Missile Turret  
  145  19:00  Missile Turret  
  145  19:03  Missile Turret  
  145  19:04  Missile Turret  
  145  19:05  Missile Turret  
  145  19:08  Refinery  
  145  19:09  Refinery, Missile Turret  
  145  19:10  Missile Turret x2  
Show
View Real Time Build Order
Export as new Build Order

fazzel Terran - Winner!

Build Orders:  

Get SALT Encoding   

  12  0:01  SCV  
  13  0:13  SCV  
  14  0:20  Supply Depot  
  14  0:25  SCV  
  15  0:33  Refinery  
  15  0:41  SCV  
  16  0:50  Barracks  
  16  0:53  SCV  
  17  1:06  SCV  
  17  1:10  Barracks  
  18  1:18  SCV  
  19  1:29  Refinery  
  19  1:30  SCV  
  20  1:39  Supply Depot  
  20  1:43  Factory  
  20  1:53  Reaper  
  21  1:58  Marine  
  22  2:02  Orbital Command  
  22  2:19  Marine  
  23  2:33  SCV  
  24  2:40  Supply Depot  
  24  3:07  Starport  
  24  3:08  Factory Tech Lab  
  24  3:11  Barracks Reactor  
  24  3:13  SCV  
  25  3:22  Supply Depot  
  25  3:25  SCV  
  25  3:26  Command Center  
  26  3:37  SCV  
  26  3:39  Siege Tank  
  30  3:49  SCV  
  30  3:54  Barracks  
  31  3:57  Engineering Bay  
  31  4:01  SCV  
  32  4:27  Barracks Tech Lab  
  32  4:29  Barracks Tech Lab  
  32  4:40  SCV  
  32  4:45  Command Center  
  33  4:50  Orbital Command  
  33  4:51  Bunker  
  33  4:52  SCV  
  34  4:58  Starport Tech Lab  
  34  5:05  Fusion Core  
  34  5:17  Marine x2  
  36  5:25  Refinery, SCV x2  
  38  5:33  Missile Turret  
  38  5:34  Marine  
  39  5:37  SCV x2  
  39  5:41  Starport  
  41  5:49  Starport, SCV  
  42  5:50  SCV  
  42  5:55  Refinery  
  42  5:59  Weapon Refit  
  42  6:01  SCV  
  42  6:02  SCV  
  44  6:04  Refinery  
  44  6:06  Missile Turret  
  44  6:14  Orbital Command  
  44  6:16  SCV x2  
  46  6:27  Starport Tech Lab x2  
  46  6:28  SCV x2  
  48  6:32  Armory  
  48  6:40  SCV  
  48  6:44  SCV x2  
  48  6:45  Refinery  
  48  6:46  Viking  
  53  6:52  SCV  
  54  6:56  SCV x2  
  56  7:02  Supply Depot  
  56  7:04  SCV  
  56  7:08  SCV x2  
  59  7:16  SCV  
  59  7:20  SCV x2, Armory  
  62  7:24  Siege Tank  
  62  7:28  SCV  
  66  7:32  SCV x2, Battlecruiser  
  66  7:36  Supply Depot  
  74  7:38  Battlecruiser  
  74  7:43  SCV  
  81  7:44  SCV  
  82  7:55  Battlecruiser  
  88  8:00  Supply Depot  
  88  8:16  Starport  
  88  8:18  Terran Vehicle And Ship Armor Level 1  
  88  8:19  Terran Ship Weapons Level 1  
  88  8:21  Sensor Tower  
  88  8:36  Battlecruiser  
  88  8:40  Missile Turret  
  94  8:42  Missile Turret, Battlecruiser  
  100  9:00  Starport Tech Lab  
  100  9:01  Command Center, Supply Depot  
  100  9:08  Supply Depot  
  100  9:24  Battlecruiser  
  106  9:40  Command Center  
  97  10:02  Command Center  
  97  10:05  Refinery  
  88  10:29  Refinery  
  88  10:32  Missile Turret  
  88  10:48  Terran Vehicle And Ship Armor Level 2, Terran Ship Weapons Level 2  
  88  10:51  Battlecruiser x3  
  88  10:53  Missile Turret  
  88  10:54  Planetary Fortress  
  106  11:00  Missile Turret  
  106  11:16  Orbital Command  
  106  11:17  Factory  
  106  11:26  Missile Turret  
  106  11:27  Planetary Fortress  
  106  11:30  Missile Turret  
  105  11:34  Hi-Sec Auto Tracking  
  105  12:13  SCV x4  
  109  12:18  SCV x2  
  111  12:25  SCV x3  
  111  12:26  SCV  
  115  12:30  SCV  
  115  12:31  Neosteel Armor  
  116  12:45  Command Center  
  116  12:49  SCV x3, Missile Turret  
  116  12:50  Missile Turret  
  119  12:56  Battlecruiser x3  
  137  13:33  SCV  
  138  13:45  SCV  
  139  13:49  Missile Turret x3  
  139  13:51  Missile Turret x3  
  139  13:53  Factory Tech Lab  
  139  13:54  Missile Turret  
  139  13:57  SCV  
  139  13:58  Missile Turret  
  140  14:09  SCV  
  141  14:20  Terran Vehicle And Ship Armor Level 3, Terran Ship Weapons Level 3  
  141  14:21  SCV  
  142  14:31  Orbital Command  
  142  14:46  Supply Depot  
  142  14:48  Thor x2, Supply Depot  
  154  15:43  Thor x2  
  128  16:34  Thor  
  128  16:35  Thor  
  128  16:36  Battlecruiser  
  128  16:37  Battlecruiser x3  
  164  16:57  Terran Vehicle Weapons Level 1  
  164  17:02  Command Center  
  164  17:07  SCV  
  165  17:19  SCV  
  165  17:20  Thor  
  165  17:21  Thor  
  178  17:31  SCV  
  179  17:41  Battlecruiser  
  179  17:43  SCV  
  186  17:48  Battlecruiser  
  186  17:49  Battlecruiser  
  198  18:17  Orbital Command  
Tags
 
Add a new tag
Caveats
  • Supply blocks, unpowered buildings, or Contaminate may cause inaccurate times.
  • Supply counts are checked every 10 seconds.